Map: Frozen Temple

Players

Miszu

  • Race: Terran Terran
  • League: Master

Miniraser - Winner!

  • Race: Zerg Zerg
  • League: Grandmaster

VOD

Have the link to the VOD?

Description

Time

  • Played on: April 9, 2016, 4:37 p.m.
  • Length: 13:24
Show
View Real Time Build Order
Export as new Build Order

Miszu Terran 

Build Orders: Reaper Expand, Hellion Banshee 

Get SALT Encoding   

  12  0:01  SCV  
  13  0:13  SCV  
  14  0:17  Supply Depot  
  14  0:25  SCV  
  15  0:39  SCV  
  15  0:41  Barracks  
  16  0:45  Refinery  
  16  0:57  SCV  
  17  1:09  SCV  
  18  1:21  SCV  
  19  1:29  Reaper  
  20  1:33  Orbital Command  
  20  1:42  Command Center  
  20  1:55  Supply Depot  
  20  1:59  SCV  
  21  2:02  Marine  
  21  2:06  Factory  
  22  2:11  SCV  
  22  2:14  Refinery  
  23  2:23  SCV  
  23  2:27  Barracks Reactor  
  24  2:35  SCV  
  25  2:47  SCV  
  26  2:55  Orbital Command  
  26  2:57  Starport  
  26  2:59  SCV  
  27  3:07  Hellion x2  
  27  3:11  SCV  
  27  3:12  Barracks Tech Lab  
  32  3:20  Supply Depot  
  32  3:23  SCV  
  32  3:26  SCV  
  34  3:29  Hellion x2  
  38  3:35  SCV  
  38  3:38  SCV  
  38  3:41  Cloaking Field  
  40  3:43  Banshee  
  40  3:48  Supply Depot, SCV  
  44  3:50  SCV  
  44  3:54  Hellion  
  49  3:55  Hellion  
  49  4:00  SCV  
  49  4:02  SCV  
  51  4:10  Armory  
  51  4:12  SCV  
  51  4:14  SCV  
  51  4:16  Hellion  
  57  4:17  Hellion  
  57  4:23  Supply Depot  
  57  4:26  Banshee  
  57  4:28  SCV  
  57  4:29  SCV  
  62  4:43  Command Center  
  62  4:48  Supply Depot  
  59  4:55  SCV x2  
  61  5:01  Refinery  
  61  5:02  Refinery  
  61  5:04  Starport  
  61  5:05  Starport  
  61  5:07  SCV x2  
  61  5:09  Banshee  
  65  5:19  SCV  
  66  5:26  SCV  
  67  5:31  SCV  
  68  5:36  Hellion x2  
  68  5:38  SCV  
  69  5:43  SCV  
  66  5:50  SCV  
  66  5:56  Starport Tech Lab, SCV  
  66  5:57  Starport Reactor  
  66  6:00  Fusion Core  
  66  6:02  Engineering Bay, SCV  
  66  6:03  Orbital Command  
  61  6:07  Liberator  
  61  6:08  SCV  
  62  6:17  Liberator x2  
  62  6:18  SCV  
  63  6:29  Missile Turret  
  63  6:33  Missile Turret  
  63  6:34  Missile Turret  
  63  6:36  Missile Turret  
  63  6:38  SCV x3  
  77  6:50  Liberator  
  77  6:52  SCV  
  77  6:53  SCV x2  
  75  6:56  Supply Depot  
  75  6:59  Starport Tech Lab  
  75  7:00  Liberator  
  74  7:04  SCV  
  74  7:05  SCV  
  74  7:07  Terran Ship Weapons Level 1  
  74  7:08  Supply Depot  
  80  7:09  Supply Depot  
  78  7:17  Supply Depot x2  
  78  7:20  Hellion x2  
  78  7:21  SCV  
  78  7:22  Supply Depot, SCV, Orbital Command  
  84  7:33  SCV  
  84  7:34  SCV, Liberator  
  86  7:38  Command Center  
  86  7:39  Banshee  
  89  7:45  SCV  
  89  7:46  SCV  
  89  7:51  Liberator  
  91  7:52  Banshee  
  91  7:53  SCV  
  91  7:55  Hellion, Missile Turret  
  91  7:56  Missile Turret  
  91  7:57  Missile Turret  
  91  7:58  SCV x2  
  102  8:02  Refinery  
  102  8:03  Refinery  
  102  8:05  SCV  
  102  8:10  SCV x2  
  108  8:18  SCV  
  108  8:22  SCV x2  
  110  8:27  Banshee  
  110  8:28  Hellion  
  110  8:29  Hellion  
  110  8:30  SCV  
  119  8:34  SCV  
  119  8:36  Command Center  
  119  8:40  Starport  
  119  8:41  Starport, SCV  
  120  8:42  SCV, Banshee  
  124  8:49  Supply Depot  
  124  8:51  Supply Depot  
  124  8:54  Liberator  
  124  8:56  Missile Turret  
  124  9:04  Liberator  
  122  9:10  Banshee  
  128  9:29  Command Center  
  128  9:30  Starport Tech Lab x2  
  131  9:38  Missile Turret  
  131  9:40  Refinery  
  131  9:43  Missile Turret  
  131  9:45  Command Center  
  131  9:49  Refinery  
  137  9:53  Banshee  
  137  9:59  Viking  
  142  10:03  Viking x2  
  142  10:04  Viking x2  
  138  10:07  Hyperflight Rotors  
  138  10:09  Planetary Fortress  
  134  10:15  Missile Turret  
  134  10:17  Missile Turret  
  134  10:20  SCV x2  
  135  10:21  SCV  
  135  10:22  Missile Turret  
  134  10:29  Viking  
  134  10:32  SCV x2  
  134  10:33  Viking x2, Terran Ship Weapons Level 2  
  142  10:40  Missile Turret  
  143  10:42  SCV  
  143  10:43  SCV x2  
  145  10:51  Viking  
  145  10:52  Hellion  
  146  11:01  Liberator  
  146  11:03  Refinery  
  115  11:17  Banshee x4  
  109  11:22  SCV x3  
  109  11:24  SCV  
  107  11:36  Liberator, SCV  
  107  11:37  SCV x3  
  112  11:43  Planetary Fortress, Liberator  
  110  11:48  SCV  
  107  11:55  Liberator, SCV  
  107  12:03  SCV  
  107  12:05  SCV  
  112  12:23  SCV x2  
  112  12:24  SCV, Missile Turret  
Show
View Real Time Build Order
Export as new Build Order

Miniraser Zerg - Winner!

Build Orders: Hatch First 

Get SALT Encoding   

  12  0:02  Drone  
  13  0:08  Drone  
  14  0:19  Extractor  
  14  0:20  Extractor, Drone  
  13  0:22  Drone  
  16  0:29  Overlord  
  16  0:50  Hatchery  
  16  0:52  Drone  
  16  0:56  Drone  
  17  1:06  Extractor  
  16  1:12  Spawning Pool  
  16  1:17  Drone  
  17  1:18  Drone  
  17  1:21  Drone  
  18  1:29  Drone  
  19  1:39  Overlord  
  19  2:00  Zergling x2, Queen  
  19  2:01  Zergling x2  
  23  2:02  Queen  
  23  2:07  Metabolic Boost  
  25  2:10  Drone  
  25  2:14  Drone  
  27  2:17  Drone  
  27  2:22  Drone  
  29  2:28  Drone  
  30  2:34  Drone  
  30  2:35  Drone  
  32  2:37  Queen  
  32  2:43  Overlord  
  34  2:49  Drone  
  35  2:55  Drone  
  36  3:03  Drone  
  36  3:05  Overlord  
  37  3:11  Drone x4  
  41  3:16  Queen  
  41  3:19  Overlord  
  43  3:28  Hatchery  
  43  3:32  Drone x3  
  45  3:39  Drone x2  
  47  3:48  Extractor  
  47  3:50  Extractor  
  47  3:51  Drone x7  
  52  3:56  Lair  
  52  4:02  Queen  
  54  4:09  Spine Crawler  
  53  4:15  Drone x3  
  57  4:17  Extractor, Zergling x6  
  57  4:18  Zergling x2  
  57  4:22  Overlord  
  59  4:24  Overlord  
  59  4:31  Overlord  
  59  4:32  Spore Crawler  
  59  4:33  Spore Crawler  
  57  4:43  Drone  
  57  4:44  Drone x2  
  60  4:46  Drone x4  
  64  4:57  Drone x5  
  69  5:04  Overseer  
  69  5:06  Spire  
  68  5:18  Queen  
  72  5:28  Overlord  
  70  5:31  Drone x12  
  76  5:47  Zergling x2  
  76  5:48  Zergling x10  
  74  5:57  Drone x5  
  74  6:08  Drone  
  73  6:19  Overlord  
  73  6:20  Mutalisk x7  
  87  6:30  Roach Warren  
  86  6:33  Drone, Mutalisk  
  86  6:36  Overlord x2  
  89  6:43  Drone  
  89  6:46  Drone x8  
  98  6:59  Hatchery  
  97  7:02  Roach Warren, Drone, Evolution Chamber  
  97  7:04  Infestation Pit  
  97  7:07  Drone x6  
  102  7:09  Extractor  
  102  7:10  Extractor  
  102  7:14  Overlord  
  99  7:16  Tunneling Claws  
  99  7:17  Burrow  
  99  7:28  Zerg Missile Weapons Level 1  
  99  7:29  Overlord  
  97  7:32  Roach  
  97  7:33  Roach x6  
  111  7:47  Hive  
  111  7:50  Hydralisk Den, Roach  
  111  7:51  Roach x5  
  121  8:02  Roach x2  
  121  8:03  Overlord x2, Roach x2  
  130  8:05  Drone  
  130  8:10  Overlord  
  128  8:20  Overlord  
  128  8:24  Muscular Augments  
  128  8:25  Drone x8  
  136  8:27  Drone  
  136  8:29  Spore Crawler  
  136  8:31  Spore Crawler  
  135  8:37  Glial Reconstitution  
  135  8:38  Roach x12  
  135  8:39  Roach x5  
  145  8:47  Roach x8, Hatchery  
  136  9:01  Viper x3  
  117  9:21  Drone x4  
  117  9:22  Drone x3  
  117  9:24  Extractor x2, Zerg Flyer Armor Level 1  
  119  9:25  Hydralisk x11  
  138  9:38  Zerg Missile Weapons Level 2  
  138  9:48  Roach  
  138  9:49  Roach x4  
  138  9:52  Corruptor  
  148  9:53  Corruptor  
  152  10:00  Hydralisk x4  
  160  10:10  Overseer  
  160  10:18  Hydralisk x3  
  160  10:20  Roach  
  162  10:27  Hydralisk x4  
  166  10:30  Overlord x5  
  166  10:31  Roach x4  
  166  10:42  Overlord  
  164  10:59  Roach x8  
  178  11:09  Roach x2, Viper x3  
  178  11:10  Viper  
  154  11:14  Roach  
  154  11:15  Roach x7  
  146  11:20  Zergling x22  
  155  11:37  Extractor x2  
  149  11:41  Hydralisk x12  
  165  11:55  Hydralisk x5  
  165  11:56  Hydralisk  
  169  12:13  Roach x15  
  199  12:25  Overseer x3  
  199  12:29  Hatchery  
  186  12:49  Hydralisk x8  
  191  12:53  Overseer  
Tags
 
Add a new tag
Caveats
  • Supply blocks, unpowered buildings, or Contaminate may cause inaccurate times.
  • Supply counts are checked every 10 seconds.